 Dungeon Sprint DCSS version 0.30-a0-528-g8c47a4955b (webtiles) character file.

Game seed: 1800619385405279587

350 rocky1 the Impaler (level 6, -2/51 HPs)
             Began as a Minotaur Gladiator on Dec 23, 2022.
             Slain by a spatial vortex (19 damage)
             ... in the Dungeon (Sprint III: "The Ten Rune Challenge").
             The game lasted 00:01:55 (291 turns).

rocky1 the Impaler (Minotaur Gladiator)              Turns: 291, Time: 00:01:55

Health: -2/51      AC:  6    Str: 21    XL:     6   Next: 33%
Magic:  5/5        EV: 10    Int:  5    God:
Gold:   18         SH:  0    Dex: 11    Spells: 5/5 levels left

rFire   . . .      SeeInvis .    a - +0 trident
rCold   . . .      Faith    .    (no shield)
rNeg    . . .      Spirit   .    l - +0 scale mail
rPois   .          Reflect  .    c - +0 hat
rElec   .          Harm     .    (no cloak)
rCorr   .          Rampage  .    (no gloves)
Will    .....      NoTele   +    (no boots) Stlth
                                 (no amulet)
HPRegen 0.28/turn                (no ring)
MPRegen 0.09/turn                (no ring)

@: no status effects
A: horns 2, retaliatory headbutt
a: no special abilities


You were in the Dungeon.
You visited 1 branch You collected 18 gold pieces.

Inventory:

Hand Weapons
 a - a +0 trident (weapon)
Missiles
 d - 2 throwing nets (quivered)
 e - a javelin
Armour
 b - a +0 leather armour
 c - a +0 hat (worn)
 l - a +0 scale mail (worn)
Scrolls
 k - a scroll of blinking
 n - a scroll of immolation {unknown}
 o - 2 scrolls of identify {unknown}
 p - a scroll of torment {unknown}
Potions
 f - a potion of curing
 g - a potion of heal wounds
 h - 2 potions of haste
 i - 3 potions of magic
 j - a potion of berserk rage
 m - 4 potions of mutation {unknown}


   Skills:
 - Level 3.4 Fighting
 - Level 16.0 Polearms
 - Level 2.0 Throwing
 + Level 0.0 Armour
 + Level 3.2 Dodging


You had 5 spell levels left.
You didn't know any spells.
Your spell library was empty.

Dungeon Overview and Level Annotations

Branches:
Dungeon (1/1)

Altars:
Cheibriados
Fedhas
Gozag
Hepliaklqana
Makhleb
Nemelex Xobeh
Qazlal
Xom
Jiyva
Lugonu


Innate Abilities, Weirdness & Mutations

You have a pair of horns on your head.
You reflexively headbutt those who attack you in melee.


Message History

There is a fountain of clear blue water here.
You open the door.
A jelly comes into view.
The jelly quivers.
You reach to attack!
You puncture the jelly!
The jelly is heavily wounded.
You puncture the jelly!
You kill the jelly!
A shadow comes into view.
There is an open door here.
You hit the shadow.
The shadow is lightly damaged.
The shadow hits you.
You puncture the shadow!
The shadow is severely damaged.
The shadow closely misses you. You furiously retaliate!
You headbutt the shadow!
You destroy the shadow!
Training target 16.0 for Polearms reached!
Your Polearms skill gained 3 levels and is now at level 16!
You need to enable at least one skill for training.
Your Fighting skill increases to level 3!
You have reached level 6!
Sorry, you're not good enough to have a special ability.
Sorry, you're not good enough to have a special ability.
You open the door.
A spatial vortex comes into view.
Found five altars.
Found a box of beasts.
Found five altars.
There is an open door here.
There is a snail-covered altar of Cheibriados here.
The spatial vortex hits you!
There is a hazy altar of Hepliaklqana, spattered with blood here.
The spatial vortex attacks as you move away!
The spatial vortex hits you!
There is a snail-covered altar of Cheibriados here.
There is an open door here.
The spatial vortex attacks as you move away!
The spatial vortex hits you! Space warps horribly around you!!
You die...

...#..#..###+#+###+##
#..##'#..#..........#
#..###...'.⌠........#
..####...#...######'#
..###....#.⌠.#__#...#
..##.....#...#__#...#
..#.†....#+###__#...#
##.#.....# #_v#...+
####....# #__@...#
▓▓▓▓▓▓ ▓▓▓▓▓▓▓▓


You could see a spatial vortex.

Vanquished Creatures
  A shadow (D)
  A scorpion (D)
  A water elemental (D)
  A jelly (D)
  Jessica (D)
  A human (D)
  2 endoplasms (D)
  A rat (D)
9 creatures vanquished.

Notes
Turn   | Place    | Note
-------+----------+-------------------------------------------
     0 | D        | rocky1 the Minotaur Gladiator began the quest for the Orb.
     0 | D        | Reached XP level 1. HP: 18/18 MP: 0/0
    10 | D        | Reached skill level 4 in Polearms
    14 | D        | Reached skill level 5 in Polearms
    39 | D        | Noticed Jessica
    43 | D        | Killed Jessica
    44 | D        | Reached skill level 8 in Polearms
    44 | D        | Reached XP level 2. HP: 21/25 MP: 1/1
    44 | D        | Reached XP level 3. HP: 25/30 MP: 2/2
    91 | D        | Reached skill level 9 in Polearms
   109 | D        | Noticed a scorpion
   115 | D        | Killed a scorpion
   116 | D        | Reached skill level 11 in Polearms
   116 | D        | Reached XP level 4. HP: 37/37 MP: 3/3
   143 | D        | Noticed a water elemental
   150 | D        | Killed a water elemental
   151 | D        | Reached skill level 13 in Polearms
   151 | D        | Reached XP level 5. HP: 13/42 MP: 4/4
   275 | D        | Noticed a shadow
   277 | D        | Killed a shadow
   278 | D        | Reached skill level 16 in Polearms
   278 | D        | Reached XP level 6. HP: 49/51 MP: 5/5
   285 | D        | Found a blossoming altar of Fedhas.
   285 | D        | Found a stormy altar of Qazlal.
   285 | D        | Found a snail-covered altar of Cheibriados.
   285 | D        | Found a burning altar of Makhleb.
   285 | D        | Found a shimmering altar of Xom.
   285 | D        | Noticed a spatial vortex
   286 | D        | Found a hazy altar of Hepliaklqana.
   286 | D        | Found an opulent altar of Gozag.
   286 | D        | Found a sparkling altar of Nemelex Xobeh.
   286 | D        | Found a corrupted altar of Lugonu.
   286 | D        | Found a viscous altar of Jiyva.
   291 | D        | Slain by a spatial vortex

Illustrated notes

Levels and vault maps discovered:
D:        dungeon_sprint_mu [sprint_mu_entry_cave, sprint_mu_temple_rooms,
          sprint_mu_d1_horrors, sprint_mu_d2_genie, sprint_mu_d3_branching,
          sprint_mu_orc_legion, sprint_mu_elf_gauntlet, sprint_mu_hive_nellie,
          sprint_mu_lair_fedhas, sprint_mu_vaults_butterflies,
          sprint_mu_slime_circle, sprint_mu_shoals_kraken,
          sprint_mu_snake_twists, sprint_mu_blade_basic, sprint_mu_crypt_lich,
          sprint_mu_tomb_spiral, sprint_mu_vestibule_basic,
          sprint_mu_gehenna_hellfire, sprint_mu_dis_giant,
          sprint_mu_tartarus_statrot, sprint_mu_cocytus_islands, sprint_mu_zot1]

Skill      XL: |  1  2  3  4  5 |
---------------+----------------+-----
Polearms       | 8 11 13 16 | 16.0
Fighting       | 3 |  3.4
Throwing       | |  2.0
Dodging        | |  3.2

Action                   |  1- 3 |  4- 6 || total
-------------------------+-------+-------++-------
Melee: Trident           |    20 |    11 ||    31
       Headbutt          |     3 |     2 ||     5
       Punch             |     1 |       ||     1
Throw: Throwing net      |     5 |       ||     5
 Stab: Held in net/web   |     4 |       ||     4
Armor: Scale mail        |     1 |       ||     1
Dodge: Dodged            |     2 |     2 ||     4

Table legend: (Time is in decaauts)
 A = Elapsed time spent in this place.
 B = Non-inter-level travel time spent in this place.
 C = Inter-level travel time spent in this place.
 D = Time resting spent in this place.
 E = Time spent auto-exploring this place.
 F = Levels seen in this place.
 G = Mean time per level.
                   A        B        C        D        E       F      G
               +--------+--------+--------+--------+--------+-----+--------+
         Total |    286 |    286 |      0 |    137 |     22 |   1 |  286.0 |
       Dungeon |    286 |    286 |      0 |    137 |     22 |   1 |  286.0 |
               +--------+--------+--------+--------+--------+-----+--------+

Top non-repeatable levels by time:
       D: 286 daAuts
